Map: Catalisador LE

Players

IagoAbreu - Winner!

  • Race: Zerg Zerg
  • League: Gold
  • Spawn Location: 5:00

Felipe

  • Race: Protoss Protoss
  • League: Silver
  • Spawn Location: 11:00

VOD

Have the link to the VOD?

Description

Time

  • Played on: May 12, 2018, 11:51 a.m.
  • Length: 8:57
Show
View Real Time Build Order
Export as new Build Order

IagoAbreu Zerg - Winner!

Build Orders: Pool First 

Get SALT Encoding   

  12  0:02  Drone  
  13  0:13  Overlord  
  13  0:29  Drone  
  13  0:32  Drone  
  13  0:33  Drone  
  16  0:45  Spawning Pool  
  15  1:24  Evolution Chamber  
  14  1:30  Hatchery  
  13  1:38  Roach Warren  
  13  1:39  Extractor  
  11  1:42  Drone x3  
  14  1:53  Overlord  
  14  2:19  Drone  
  14  2:20  Drone  
  16  2:42  Queen  
  20  2:44  Roach  
  20  2:53  Roach  
  20  2:54  Queen  
  20  2:58  Zergling x6  
  26  3:04  Roach  
  29  3:17  Roach  
  29  3:25  Zerg Missile Weapons Level 1  
  25  3:35  Queen  
  25  3:36  Roach  
  27  3:44  Roach  
  27  3:47  Roach  
  29  3:56  Roach  
  29  4:01  Zergling x4  
  30  4:07  Roach  
  26  4:19  Roach  
  20  4:42  Roach x3  
  26  4:46  Drone  
  26  4:47  Drone x2  
  26  4:49  Extractor  
  26  5:15  Drone x3  
  26  5:20  Drone, Overlord  
  30  5:44  Lair  
  30  5:56  Overlord x3  
  30  6:27  Roach x6  
  42  6:45  Nydus Network  
  41  6:52  Queen  
  43  7:07  Roach  
  43  7:08  Roach x4  
  53  7:47  Nydus Canal  
  53  7:49  Overlord x2  
  53  8:17  Spine Crawler  
  50  8:22  Spine Crawler  
  49  8:33  Nydus Canal  
Show
View Real Time Build Order
Export as new Build Order

Felipe Protoss 

Build Orders:  

Get SALT Encoding   

  1  0:00  Probe  
  12  0:06  Probe  
  14  0:16  Probe  
  15  0:21  Pylon  
  15  0:32  Assimilator  
  15  0:40  Gateway  
  15  0:49  Pylon  
  15  0:56  Probe  
  16  1:13  Probe  
  17  1:24  Probe  
  17  1:25  Gateway  
  18  1:32  Probe  
  18  1:36  Cybernetics Core  
  19  1:40  Probe  
  19  1:42  Zealot  
  22  2:07  Forge  
  22  2:15  Stalker  
  22  2:17  Gateway, Stalker  
  26  2:23  Assimilator  
  26  2:25  Probe  
  27  2:42  Pylon  
  27  2:57  Stalker  
  27  2:58  Stalker  
  31  3:05  Photon Cannon  
  31  3:09  Stalker  
  31  3:27  Stalker  
  31  3:40  Stalker  
  31  3:51  Stalker  
  33  3:56  Probe  
  34  4:08  Probe  
  33  4:19  Stalker x2  
  37  4:28  Protoss Ground Weapons Level 1  
  33  4:55  Nexus  
  33  4:59  Photon Cannon  
  33  5:09  Shield Battery  
  33  5:15  Photon Cannon  
  33  5:16  Pylon  
  33  5:17  Probe  
  34  5:21  Assimilator  
  34  5:25  Probe  
  34  5:35  Probe  
  35  5:38  Pylon  
  35  5:41  Gateway  
  36  5:47  Probe  
  36  5:48  Twilight Council  
  37  5:59  Probe  
  38  6:04  Probe  
  38  6:06  Protoss Ground Weapons Level 2  
  38  6:07  Probe  
  40  6:12  Probe  
  40  6:15  Probe  
  41  6:22  Probe  
  43  6:30  Stalker x2  
  47  6:33  Stalker  
  47  6:34  Probe  
  47  6:38  Stalker  
  52  6:46  Probe  
  53  6:55  Blink  
  53  6:56  Photon Cannon  
  53  6:58  Probe  
  53  7:00  Shield Battery, Sentry x2  
  58  7:13  Probe  
  58  7:14  Probe  
  60  7:24  Assimilator  
  60  7:25  Probe  
  60  7:26  Probe  
  62  7:33  Gateway  
  62  7:34  Pylon  
  62  7:43  Dark Shrine  
  62  7:45  Templar Archives  
  62  7:48  Stalker  
  62  7:49  Stalker  
  66  7:55  Stalker  
  68  8:01  Probe  
  60  8:13  Probe  
  60  8:15  High Templar  
Tags
 
Add a new tag
Caveats
  • Supply blocks, unpowered buildings, or Contaminate may cause inaccurate times.
  • Supply counts are checked every 10 seconds.